 Dungeon Crawl Stone Soup version 0.24-a0-693-g39a19ac0f1 (webtiles) character file.

Game seed: 11616701498906501707, levelgen mode: deterministic

155 Arixos the Grave Robber (level 5, -16/38 HPs)
             Began as a Mummy Necromancer on Sept 28, 2019.
             Killed from afar by Ijyb (20 damage)
             ... with a bolt of acid
             ... on level 3 of the Dungeon.
             The game lasted 00:30:08 (3491 turns).

Arixos the Grave Robber (Mummy Necromancer)         Turns: 3491, Time: 00:30:08

Health: -16/38     AC:  2    Str: 11    XL:     5   Next: 14%
Magic:  8/10       EV: 12    Int: 19    God:
Gold:   146        SH:  0    Dex: 12    Spells: 7/11 levels left

rFire    x . .     SeeInvis .   m - +2 whip (elec)
rCold    + . .     Gourm    .   (no shield)
rNeg     + + +     Faith    .   a - +0 robe
rPois    ∞         Spirit   .   (no helmet)
rElec    .         Reflect  .   (no cloak)
rCorr    .         Harm     .   (no gloves)
MR       .....                  (no boots)
Stlth    ++........             k - amulet of regeneration
HPRegen  0.52/turn              c - +3 ring of intelligence
MPRegen  0.12/turn              (no ring)

@: no status effects
A: no food or potions, fire vulnerability, cold resistance 1, negative energy
resistance 3, torment resistance, unbreathing
a: no special abilities


You were on level 3 of the Dungeon.
You were not hungry.

You visited 1 branch of the dungeon, and saw 3 of its levels.

You collected 146 gold pieces.

Inventory:

Hand Weapons
 m - a +2 whip of electrocution (weapon)
Armour
 a - a +0 robe (worn)
Jewellery
 c - a +3 ring of intelligence (left hand)
 k - an amulet of regeneration (around neck)
Scrolls
 b - 4 scrolls of identify {unknown}
 d - a scroll of enchant weapon {unknown}
 e - a scroll of remove curse {unknown}
 g - a scroll of fear {unknown}
 h - a scroll of noise {unknown}
 i - a scroll of teleportation {unknown}
 l - 4 scrolls of blinking {unknown}


   Skills:
 + Level 1.7 Fighting
 + Level 0.2 Maces & Flails
 + Level 2.2 Dodging
 + Level 2.3 Stealth
 + Level 3.7 Spellcasting
 + Level 4.8 Necromancy


You had 7 spell levels left.
You knew the following spells:

 Your Spells              Type           Power        Failure   Level  Hunger
a - Pain                  Necr           ###.         1%          1    N/A
b - Vampiric Draining     Necr           ###.......   6%          3    N/A

Your spell library contained the following spells:

 Spells                   Type           Power        Failure   Level  Hunger
 Animate Skeleton         Necr           N/A          1%          1    N/A
 Animate Dead             Necr           N/A          19%         4    N/A
 Regeneration             Chrm/Necr      Unusable     N/A         3    N/A

Dungeon Overview and Level Annotations

Branches:
Dungeon (3/15)

Altars:

Annotations:
D:3 Ijyb


Innate Abilities, Weirdness & Mutations

You do not eat or drink.
Your flesh is vulnerable to fire.
You are immune to poison.
Your flesh is cold resistant. (rC+)
You are immune to negative energy. (rN+++)
You are immune to unholy pain and torment.
You can survive without breathing.


Message History

Found a scroll labeled NAODOCL NOUFU.
Ijyb the Twisted Goblin comes into view.
She is wielding a +0 dagger and carrying a wand of acid (6).
Ijyb shouts!
A bat comes into view.
You see here a war axe.
You see here a scroll labeled KIVEGRUCAAL.
You see here a scroll labeled NAODOCL NOUFU.
Casting: Pain (safe; 1% risk of failure)
Confirm with . or Enter, or press ? or * to list all spells.
Aiming: Pain (safe; 1% risk of failure)
Press: ? - help, Shift-Dir - straight line, f - Ijyb
Aim: Ijyb, wielding a +0 dagger, wearing a +0 leather armour and carrying a wand of acid (6) (chance to defeat MR: 87%) Ijyb writhes in agony.
Ijyb zaps a wand.
The bolt of acid hits you!!
Ouch! That really hurt!
You are splashed with acid!
* * * LOW HITPOINT WARNING * * *
Ijyb zaps a wand.
The bolt of acid misses you.
Ijyb zaps a wand.
The bolt of acid hits you!!
Ouch! That really hurt!
You die...

#....#.#....# #...#..#.#
#....#.#....###..##..#.#
#....#.#.........##..#.#
##....#.#....###....<...# #
##....#.#..†.........(..#.#
##....#.#...........).....#.
#######.#..........g........
# #.#...#.......?..#...# #
#.#.......@..?...# ..# ##
#.#..............# .# .##
#.#....########### # ..#
.... ..# . #.# #.# #.# #.#


You could see Ijyb.

Vanquished Creatures
  7 adders
  2 worms (D:2)
  2 dart slugs (D:1)
  A leopard gecko (D:1)
  3 giant cockroaches
  6 goblins
  12 hobgoblins
  7 jackals
  11 kobolds
  A quokka (D:3)
  9 bats
  6 frilled lizards
  11 rats
78 creatures vanquished.

Notes
Turn   | Place    | Note
-------+----------+-------------------------------------------
     0 | D:1      | Arixos the Mummy Necromancer began the quest for the Orb.
     0 | D:1      | Reached XP level 1. HP: 13/13 MP: 4/4
   675 | D:1      | Reached XP level 2. HP: 19/20 MP: 3/5
  1255 | D:1      | Reached skill level 1 in Fighting
  1280 | D:1      | Reached XP level 3. HP: 26/26 MP: 1/7
  1368 | D:1      | Learned a level 3 spell: Vampiric Draining
  2027 | D:2      | Reached XP level 4. HP: 15/32 MP: 0/8
  3252 | D:3      | Reached XP level 5. HP: 37/37 MP: 7/10
  3483 | D:3      | Noticed Ijyb
  3491 | D:3      | Killed from afar by Ijyb

Levels and vault maps discovered:
D:1:      scummos_arrival_gate, layout_basic, minmay_fountain_box,
          minmay_pentomino_w4
D:2:      minmay_razor_zed, layout_basic, minmay_misc_feat_roman
D:3:      layout_basic, hangedman_decor_opposing, uniq_ijyb

Skill      XL: |  1  2  3 |
---------------+----------+-----
Spellcasting   | 3 |  3.7
Fighting       | 1 |  1.7
Stealth        | 2 |  2.3
Dodging        | 2 |  2.2
Maces & Flails | |  0.2
Necromancy     | |  4.8

Action                   |  1- 3 |  4- 6 || total
-------------------------+-------+-------++-------
Melee: Club              |     9 |       ||     9
       Short sword       |    11 |       ||    11
       Mace              |    15 |       ||    15
       Whip              |     9 |    12 ||    21
 Cast: Pain              |    76 |    65 ||   141
       Vampiric Draining |     2 |       ||     2
 Stab: Sleeping          |       |     3 ||     3
Armor: Robe              |    18 |     2 ||    20
Dodge: Dodged            |    46 |    32 ||    78

Table legend:
 A = Non-vault XP
 B = Vault XP
 C = Vault XP percentage of total XP
 D = Non-vault monster count
 E = Vault monster count
 F = Vault count percentage of total count
                 A         B        C        D         E       F
            +---------+---------+-------+---------+---------+-------
      Total |     164 |      58 |  26.1 |      58 |      20 |  25.6
            +---------+---------+-------+---------+---------+-------
        D:1 |      50 |       9 |  15.3 |      27 |       6 |  18.2
        D:2 |      85 |      49 |  36.6 |      20 |      14 |  41.2
        D:3 |      29 |       0 |   0.0 |      11 |       0 |   0.0
            +---------+---------+-------+---------+---------+-------
